 Dungeon Crawl Stone Soup version 0.19.1 (console) character file.

226 PubliusNaso the Shooter (level 5, -3/34 HPs)
             Began as a High Elf Hunter on Dec 6, 2016.
             Slain by loralnil's ghost (8 damage)
             ... on level 4 of the Dungeon.
             The game lasted 00:21:58 (2550 turns).

PubliusNaso the Shooter (High Elf Hunter)           Turns: 2550, Time: 00:21:59

Health: -3/34      AC:  5    Str: 11    XL:     5   Next: 69%
Magic:  6/6        EV: 14    Int: 14    God:
Gold:   237        SH:  0    Dex: 17    Spells: 0 memorised, 4 levels left

rFire  . . .     SeeInvis .     a - +1 shortbow
rCold  . . .     Gourm    .     c - +0 leather armour
rNeg   . . .     Faith    .     (shield currently unavailable)
rPois  .         Spirit   .     v - +0 helmet
rElec  .         Reflect  .     n - +0 cloak
rCorr  .         Harm     .     (no gloves)
MR     .....                    (no boots)
Stlth  +++.......               (no amulet)
                                B - ring of flight
                                k - ring of stealth

@: lethally poisoned (-3 -> -22)
A: no striking features
a: Evoke Flight


You were on level 4 of the Dungeon.
You were not hungry.

You visited 1 branch of the dungeon, and saw 4 of its levels.

You collected 237 gold pieces.

Inventory:

Hand Weapons
 a - a +1 shortbow (weapon)
 b - a +0 short sword
 D - a +0 quarterstaff
 F - a +0 great sword
Missiles
 d - 54 arrows (quivered)
 q - 2 throwing nets
Armour
 c - a +0 leather armour (worn)
 n - a +0 cloak (worn)
 u - a +0 ring mail
 v - a +0 helmet (worn)
Jewellery
 k - a ring of stealth (left hand)
 r - an uncursed ring of teleportation
 t - an uncursed ring of poison resistance
 B - a ring of flight (right hand)
 C - an uncursed amulet of rage
Scrolls
 e - 4 scrolls of identify
 h - 4 scrolls of remove curse
 j - 2 scrolls of random uselessness {unknown}
 m - a scroll of enchant armour {unknown}
 p - a scroll of enchant weapon {unknown}
 s - 2 scrolls of fear
 w - a scroll of recharging {unknown}
 x - a scroll of fog {unknown}
 y - 3 scrolls of teleportation {unknown}
 z - a scroll of noise {unknown}
Potions
 i - 2 potions of magic {unknown}
 o - 2 potions of lignification {unknown}
 A - a potion of curing {unknown}
Books
 E - Sif Muna's Grimoire of Companions
   (You found it on level 3 of the Dungeon)

   Spells                             Type                      Level
   a - Summon Small Mammal            Summoning                    1
Comestibles
 f - 2 bread rations
 g - 2 meat rations


   Skills:
 - Level 2.0 Fighting
 + Level 2.9 Short Blades
 * Level 7.5 Bows
 + Level 3.9 Dodging
 - Level 1.1 Stealth


You had 4 spell levels left.
You didn't know any spells.

Dungeon Overview and Level Annotations

Branches:
Dungeon (4/15)             Temple (0/1) D:4

Altars:
Sif Muna

Annotations:
D:4 loralnil's ghost, novice DsCK


Message History

The arrow barely misses loralnil's ghost.
* * * LOW HITPOINT WARNING * * *
You feel sick.
Firing (i - inventory. (,) - cycle):
d - 56 arrows (quivered)
Press: ? - help, Shift-Dir - straight line, f/p - loralnil's ghost
Aim: loralnil's ghost, wielding a weapon of chaos (moderately damaged)
You shoot an arrow.
The arrow closely misses loralnil's ghost.
* * * LOW HITPOINT WARNING * * *
You feel sick. Loralnil's ghost hits you.
* * * LOW HITPOINT WARNING * * *
Firing (i - inventory. (,) - cycle):
d - 55 arrows (quivered)
Press: ? - help, Shift-Dir - straight line, f/p - loralnil's ghost
Aim: loralnil's ghost, wielding a weapon of chaos (moderately damaged)
You shoot an arrow.
The arrow hits loralnil's ghost but does no damage.
Loralnil's ghost is moderately damaged.
* * * LOW HITPOINT WARNING * * *
You feel sick. Loralnil's ghost hits you!
You die...

#..........# #..........#
##############'#### #...
#.........# #.# #...
#.........# #.# #...
#.........# #.# #.W.
#.........# #.# #...
#.........####.# #...
#.........+..#.#
#...###.(.......##.#.#
+(..(((W@..........#(####
#...########.#.....#....#
....... #.#.....#.##.#
######. #.##.........# ..
#.##.######### .. #....[
##. ###.# #. #.# #.


You could see loralnil's ghost.

Vanquished Creatures
  An ogre (D:3)
  2 orc wizards (D:3)
  A worker ant (D:4)
  An adder (D:2)
  A worm (D:3)
  3 dart slugs
  2 leopard geckos
  6 bats
  3 giant cockroaches
  5 hobgoblins
  2 quokkas
  4 frilled lizards
  5 goblins
  2 kobolds (D:1)
  9 rats
47 creatures vanquished.

Notes
Turn   | Place    | Note
-------+----------+-------------------------------------------
     0 | D:1      | PubliusNaso the High Elf Hunter began the quest for the Orb.
     0 | D:1      | Reached XP level 1. HP: 14/14 MP: 2/2
   138 | D:1      | Reached XP level 2. HP: 18/19 MP: 3/3
   874 | D:2      | Reached skill level 6 in Bows
   907 | D:2      | Reached skill level 1 in Short Blades
   907 | D:2      | Reached XP level 3. HP: 8/24 MP: 4/4
  1414 | D:3      | Found a deep blue altar of Sif Muna.
  1449 | D:3      | Noticed an ogre
  1461 | D:3      | Killed an ogre
  1461 | D:3      | Reached XP level 4. HP: 5/29 MP: 5/5
  1738 | D:3      | Reached XP level 5. HP: 26/34 MP: 6/6
  1913 | D:3      | Reached skill level 7 in Bows
  1937 | D:3      | Identified Sif Muna's Grimoire of Companions
  2390 | D:4      | Found a staircase to the Ecumenical Temple.
  2531 | D:4      | Noticed loralnil's ghost (novice DsCK)
  2550 | D:4      | Slain by loralnil's ghost

Skill      XL: |  1  2  3  4  5 |
---------------+----------------+-----
Bows           | 6 7 |  7.5
Short Blades   | 1 2 |  2.9
Dodging        | 3 |  3.9
Fighting       | |  2.0
Stealth        | |  1.1

Action                   |  1- 3 |  4- 6 || total
-------------------------+-------+-------++-------
Melee: Short sword       |   107 |       ||   107
 Fire: Shortbow          |     9 |    70 ||    79
 Abil: Evoke Flight      |       |     1 ||     1
  Use: Scroll            |     2 |       ||     2
 Stab: Sleeping          |     2 |       ||     2
  Eat: Fruit             |     2 |     2 ||     4
       Beef jerky        |       |     1 ||     1
Armor: Leather armour    |    47 |     4 ||    51
Dodge: Dodged            |    94 |     9 ||   103
